 Dungeon Crawl Stone Soup version 0.24.0-123-gd5b16e6ec5 (webtiles) character file.

Game seed: 2091395938623070625, levelgen mode: deterministic

667 Delamore the Cleaver (level 7, -7/57 HPs)
             Began as a Hill Orc Fighter on Dec 28, 2019.
             Was a Follower of Okawaru.
             Mangled by an ogre
             ... wielding a +0 giant club
              (20 damage)
             ... on level 5 of the Dungeon.
             The game lasted 00:04:21 (3530 turns).

Delamore the Cleaver (Hill Orc Fighter)             Turns: 3530, Time: 00:04:22

Health: -7/57      AC: 10    Str: 26    XL:     7   Next: 57%
Magic:  7/7        EV: 10    Int: 10    God:    Okawaru [*.....]
Gold:   108        SH:  0    Dex: 10    Spells: 6/6 levels left

rFire    . . .     SeeInvis .   a - +0 war axe
rCold    . . .     Gourm    .   (no shield)
rNeg     . . .     Faith    .   b - +0 scale mail
rPois    .         Spirit   .   n - +0 helmet
rElec    .         Reflect  .   s - +0 cloak
rCorr    .         Harm     .   (no gloves)
MR       .....                  u - +0 pair of boots
Stlth    ..........             (no amulet)
HPRegen  0.19/turn              (no ring)
MPRegen  0.10/turn              (no ring)

@: mighty, lethally poisoned (-7 -> -7)
A: talons 1, clever 1, wild magic 1
a: Heroism, Renounce Religion


You were on level 5 of the Dungeon.
You worshipped Okawaru.
Okawaru was aware of your devotion.
You were not hungry.

You visited 1 branch of the dungeon, and saw 5 of its levels.

You collected 108 gold pieces.

Inventory:

Hand Weapons
 a - a +0 war axe (weapon)
 E - the +2 falchion of the Hidden Coins {slice, Int+4}
   (You found it on level 5 of the Dungeon)

   It inflicts extra damage upon your enemies.
   It affects your intelligence (+4).
Armour
 b - a +0 scale mail (worn)
 c - a +0 shield
 n - a +0 helmet (worn)
 s - a +0 cloak (worn)
 u - a +0 pair of boots (worn)
 D - the +2 buckler "Falent" {+Inv MP+9 Slay-6 SInv}
   (You found it on level 5 of the Dungeon)

   It affects your accuracy and damage with ranged weapons and melee attacks
   (-6).
   It affects your magic capacity (+9).
   It lets you see invisible.
   It lets you turn invisible.
Jewellery
 x - an uncursed ring of fire
 C - a +3 ring of intelligence
Wands
 w - a wand of clouds (6)
Scrolls
 e - a scroll of enchant weapon {unknown}
 g - a scroll of magic mapping
 i - a scroll of fog {unknown}
 j - 2 scrolls of fear {unknown}
 k - a scroll of identify
 o - 3 scrolls of remove curse
 v - a scroll of blinking
 y - a scroll of enchant armour {unknown}
 A - a scroll of amnesia {unknown}
 F - a scroll of noise {unknown}
Potions
 h - a potion of mutation
 l - a potion of resistance {unknown}
 m - 2 potions of heal wounds
 p - a potion of degeneration {unknown}
 q - a potion of brilliance {unknown}
 r - a potion of cancellation {unknown}
 t - 3 potions of curing {unknown}
 z - a potion of ambrosia {unknown}
 B - a potion of invisibility {unknown}
 H - 3 potions of agility {unknown}
Comestibles
 f - 9 rations


   Skills:
 - Level 3.6 Fighting
 + Level 10.7 Axes
 - Level 3.2 Armour
 - Level 3.2 Shields


You had 6 spell levels left.
You didn't know any spells.
Your spell library was empty.

Dungeon Overview and Level Annotations

Branches:
Dungeon (5/15)             Temple (0/1) D:4

Altars:
Elyvilon
Okawaru
Sif Muna
Yredelemnul
The Shining One


Innate Abilities, Weirdness & Mutations

You have sharp toenails.
Your mind is acute. (Int +2)
Your spells are a little harder to cast, but a little more powerful.


Message History

Okawaru accepts your kill.
You closely miss the crimson imp.
You feel sick. The crimson imp closely misses you. The ogre barely misses you.
You slash the ogre!
The ogre is moderately wounded.
You slash the crimson imp!
The crimson imp hits you but does no damage.
You slash the ogre!
The ogre is severely wounded.
You closely miss the crimson imp. The ogre hits you with a +0 giant club.
* * * LOW HITPOINT WARNING * * *
The crimson imp closely misses you.
You slash the ogre!
The ogre is almost dead.
You slash the crimson imp!
You kill the crimson imp!
Okawaru accepts your kill.
You feel sick.
The ogre hits you with a +0 giant club!!
You die...

###
#.################
#................#
#.##############.#
#@###### #.#
#.O....# #.#
######.# #.# #.#
######.# #c#
#......#
#Z####......#
#.#>.........
#O#.##.....†# #.#
#......#


You could see an ogre.

Vanquished Creatures
  A sky beast (D:5)
  An ice beast (D:5)
  A centaur (D:5)
  A howler monkey (D:4)
  A crimson imp (D:5)
  A centaur skeleton (D:2)
  A bullfrog skeleton (D:5)
  Terence (D:2)
  An orc wizard (D:5)
  A worker ant (D:4)
  A hound zombie (D:5)
  Robin (D:2)
  6 adders
  2 oozes
  4 worms
  A dart slug (D:2)
  5 leopard geckos
  6 orcs
  A ball python (D:2)
  5 giant cockroaches
  2 gnoll zombies (D:4)
  6 hobgoblins
  8 jackals
  A quokka (D:5)
  6 bats
  3 frilled lizards
  19 goblins
  8 kobolds
  A leopard gecko skeleton (D:4)
  4 rats (D:2)
100 creatures vanquished.

Notes
Turn   | Place    | Note
-------+----------+-------------------------------------------
     0 | D:1      | Delamore the Hill Orc Fighter began the quest for the Orb.
     0 | D:1      | Reached XP level 1. HP: 19/19 MP: 1/1
    78 | D:1      | Reached skill level 3 in Axes
   148 | D:1      | Reached XP level 2. HP: 15/26 MP: 2/2
   329 | D:1      | Reached skill level 4 in Axes
   696 | D:2      | Reached XP level 3. HP: 27/31 MP: 3/3
   708 | D:2      | Reached skill level 5 in Axes
   950 | D:2      | Reached XP level 4. HP: 20/39 MP: 4/4
   971 | D:2      | Found a white marble altar of Elyvilon.
   986 | D:2      | Noticed Terence
   992 | D:2      | Killed Terence
   992 | D:2      | Reached skill level 6 in Axes
  1000 | D:2      | Noticed Robin
  1018 | D:2      | Killed Robin
  1022 | D:2      | Reached XP level 5. HP: 2/45 MP: 5/5
  1278 | D:2      | Reached skill level 7 in Axes
  1431 | D:2      | Found a shimmering blue altar of Sif Muna.
  2116 | D:3      | Found an iron altar of Okawaru.
  2124 | D:3      | Became a worshipper of Warmaster Okawaru
  2430 | D:4      | Reached skill level 8 in Axes
  2430 | D:4      | Reached XP level 6. HP: 44/51 MP: 6/6
  2767 | D:4      | Found a staircase to the Ecumenical Temple.
  2894 | D:4      | Found a basalt altar of Yredelemnul.
  3081 | D:5      | Entered Level 5 of the Dungeon
  3092 | D:5      | Got a brightly glowing buckler
  3103 | D:5      | Identified the +2 buckler "Falent" {+Inv MP+9 Slay-6 SInv}
                  | (You found it on level 5 of the Dungeon)
  3169 | D:5      | Got a bloodstained falchion
  3170 | D:5      | Identified the +2 falchion of the Hidden Coins {slice,
                  | Int+4} (You found it on level 5 of the Dungeon)
  3232 | D:5      | Found a glowing golden altar of the Shining One.
  3240 | D:5      | Noticed an ice beast
  3241 | D:5      | Noticed a sky beast
  3249 | D:5      | Killed an ice beast
  3249 | D:5      | Reached skill level 9 in Axes
  3255 | D:5      | Killed a sky beast
  3255 | D:5      | Reached XP level 7. HP: 20/57 MP: 7/7
  3479 | D:5      | Reached skill level 10 in Axes
  3515 | D:5      | Gained mutation: Your mind is acute. (Int +2) [potion of
                  | mutation]
  3515 | D:5      | Gained mutation: You have sharp toenails. [potion of
                  | mutation]
  3515 | D:5      | Gained mutation: Your spells are a little harder to cast,
                  | but a little more powerful. [potion of mutation]
  3515 | D:5      | HP: 2/57 [adder (3)]
  3524 | D:5      | Reached * piety under Okawaru
  3530 | D:5      | Mangled by an ogre

Levels and vault maps discovered:
D:1:      minmay_arrival_widening_spiral_wide, layout_loops_ring
D:2:      layout_rooms, lemuel_blue_sif_altar, elyvilon_altar_3, first_ration,
          uniq_terence, uniq_robin
D:3:      layout_basic, lemuel_crystal_altar, minivault_5
D:4:      layout_cave_pools, lemuel_zombie_altar_yredelemnul,
          minmay_temple_entry_fiery, serial_rivers,
          chequers_serial_rivers_small_b, chequers_serial_rivers_micro_d,
          chequers_serial_rivers_micro_e, chequers_serial_rivers_room_b,
          chequers_serial_rivers_small_3, chequers_serial_rivers_small_a
D:5:      layout_basic, nicolae_overflow_crystal_walls, marbit_many_paths

Skill      XL: |  1  2  3  4  5  6  7 |
---------------+----------------------+-----
Axes           | 3 4 5 6 8 9 10 | 10.7
Fighting       | |  3.6
Armour         | |  3.2
Shields        | |  3.2

Action                   |  1- 3 |  4- 6 |  7- 9 || total
-------------------------+-------+-------+-------++-------
Melee: War axe           |    88 |   206 |    25 ||   319
  Use: Scroll            |       |     3 |       ||     3
       Potion            |       |       |     3 ||     3
  Eat: Chunk             |       |     8 |     1 ||     9
Armor: Scale mail        |    34 |    87 |    11 ||   132
Dodge: Dodged            |    27 |    58 |    20 ||   105
Block: Shield            |    40 |    88 |       ||   128
